 Dungeon Crawl Stone Soup version 0.30-a0-824-g6c64550be9 (webtiles) character file.

Game seed: 3647023166870755512

119 sircluck the Covert (level 5, -1/47 HPs)
             Began as a Gnoll Delver on Feb 27, 2023.
             Slain by an adder (3 damage)
             ... on level 5 of the Dungeon.
             The game lasted 00:01:15 (535 turns).

sircluck the Covert (Gnoll Delver)                   Turns: 535, Time: 00:01:15

Health: -1/47      AC:  3    Str: 14    XL:     5   Next: 3%
Magic:  7/7        EV: 13    Int:  9    God:
Gold:   9          SH:  0    Dex: 13    Spells: 6/6 levels left

rFire   . . .      SeeInvis .    j - +4 flail
rCold   . . .      Faith    .    (no shield)
rNeg    . . .      Spirit   .    b - +0 leather armour
rPois   .          Reflect  .    (no helmet)
rElec   .          Harm     .    (no cloak)
rCorr   .          Rampage  .    (no gloves)
Will    .....                    (no boots)
Stlth   ++++                     (no amulet)
HPRegen 0.27/turn                (no ring)
MPRegen 0.10/turn                (no ring)

@: hasted, very quick
A: fangs 1, strong nose, distributed training
a: no special abilities


You were on level 5 of the Dungeon.
You visited 1 branch of the dungeon, and saw 1 of its levels.

You collected 9 gold pieces.

Inventory:

Hand Weapons
 a - a +0 hand axe
 j - a +4 flail (weapon)
Armour
 b - a +0 leather armour (worn)
Wands
 g - a wand of digging (3)
Scrolls
 c - a scroll of fog
 d - a scroll of magic mapping
 e - 2 scrolls of fear
 i - a scroll of teleportation {unknown}
Potions
 h - a potion of heal wounds {unknown}


   Skills:
 + Level 6.6 Fighting
 + Level 1.4 Short Blades
 + Level 1.4 Long Blades
 + Level 4.7 Axes
 + Level 1.4 Maces & Flails
 + Level 1.4 Polearms
 + Level 1.4 Staves
 + Level 1.4 Ranged Weapons
 + Level 1.4 Throwing
 + Level 1.4 Armour
 + Level 4.7 Dodging
 + Level 9.6 Stealth
 + Level 1.4 Shields
 + Level 1.4 Unarmed Combat
 + Level 1.4 Spellcasting
 + Level 1.1 Conjurations
 + Level 1.1 Hexes
 + Level 1.1 Summonings
 + Level 1.1 Necromancy
 + Level 1.1 Translocations
 + Level 1.1 Transmutations
 + Level 1.1 Fire Magic
 + Level 1.1 Ice Magic
 + Level 1.1 Air Magic
 + Level 1.1 Earth Magic
 + Level 1.1 Poison Magic
 + Level 1.5 Invocations
 + Level 1.4 Evocations


You had 6 spell levels left.
You didn't know any spells.
Your spell library was empty.

Dungeon Overview and Level Annotations

Branches:
Dungeon (5/15)
 Temple: D:4-7

Altars:


Innate Abilities, Weirdness & Mutations

You have very sharp teeth.
Your uncanny sense of smell can sniff out nearby items.
Your experience applies equally to all skills.


Message History

You feel sick. The adder closely misses you. The adder barely misses you.
You miss the adder. You bite the adder, but do no damage.
The adder is severely wounded.
You feel sick. The adder bites you.
You hit the adder but do no damage. Your bite misses the adder.
The adder is severely wounded.
You feel sick. The adder bites you.
You are more poisoned.
The adder poisons you! The adder bites you.
You are more poisoned.
The adder poisons you!
The adder hisses angrily.
You sock the adder!
You kill the adder!
You feel very sick. The adder bites you.
You have reached level 5!
The adder attacks as you move away! The adder misses you.
You feel sick.
You feel sick. The adder bites you but does no damage.
The adder attacks as you move away! The adder bites you.
* * * LOW HITPOINT WARNING * * *
You are more poisoned.
The adder poisons you!
* * * LOW HITPOINT WARNING * * *
You feel very sick.
You barely miss the adder.
* * * LOW HITPOINT WARNING * * *
You feel very sick. The adder closely misses you. The adder misses you.
You feel sick.
* * * LOW HITPOINT WARNING * * *
You feel sick.
You feel sick.
You feel sick. The adder closely misses you.
You feel sick.
You feel sick.
You feel yourself speed up.
You feel sick.
You are no longer poisoned.
The adder bites you.
You die...

#.# ###.# ..♣
♣♣♣##.##♣♣♣♣♣♣.'.######.....
.....⌠.........'....S....♣
♣♣♣##.##♣♣♣♣♣♣.'.########.#
#.# ###S# ♣.♣ ######..# ♣.♣
.......n# ♣.♣ #######S# ♣.♣
#@# ♣.♣ #.# ♣.♣ #.# ... #.#
+++ #.. ###


You could see a necrophage and 2 adders.

Vanquished Creatures
  A phantom (D:5)
  A jelly (D:5)
  An adder (D:5)
  A shadow imp (D:5)
4 creatures vanquished.

Notes
Turn   | Place    | Note
-------+----------+-------------------------------------------
     0 | D:5      | Reached skill level 9 in Stealth
     0 | D:5      | sircluck the Gnoll Delver began the quest for the Orb.
     0 | D:5      | Reached XP level 1. HP: 23/23 MP: 1/1
    58 | D:5      | Noticed a jelly
    68 | D:5      | Killed a jelly
    69 | D:5      | Reached XP level 2. HP: 12/29 MP: 1/3
    69 | D:5      | Reached XP level 3. HP: 15/35 MP: 1/4
   158 | D:5      | Noticed a phantom
   179 | D:5      | Killed a phantom
   180 | D:5      | Reached skill level 1 in Short Blades
   180 | D:5      | Reached skill level 1 in Long Blades
   180 | D:5      | Reached skill level 1 in Maces & Flails
   180 | D:5      | Reached skill level 1 in Polearms
   180 | D:5      | Reached skill level 1 in Staves
   180 | D:5      | Reached skill level 1 in Ranged Weapons
   180 | D:5      | Reached skill level 1 in Throwing
   180 | D:5      | Reached skill level 1 in Armour
   180 | D:5      | Reached skill level 1 in Shields
   180 | D:5      | Reached skill level 1 in Unarmed Combat
   180 | D:5      | Reached skill level 1 in Spellcasting
   180 | D:5      | Reached skill level 1 in Conjurations
   180 | D:5      | Reached skill level 1 in Hexes
   180 | D:5      | Reached skill level 1 in Summonings
   180 | D:5      | Reached skill level 1 in Necromancy
   180 | D:5      | Reached skill level 1 in Translocations
   180 | D:5      | Reached skill level 1 in Transmutations
   180 | D:5      | Reached skill level 1 in Fire Magic
   180 | D:5      | Reached skill level 1 in Ice Magic
   180 | D:5      | Reached skill level 1 in Air Magic
   180 | D:5      | Reached skill level 1 in Earth Magic
   180 | D:5      | Reached skill level 1 in Poison Magic
   180 | D:5      | Reached skill level 1 in Invocations
   180 | D:5      | Reached skill level 1 in Evocations
   180 | D:5      | Reached XP level 4. HP: 6/41 MP: 5/5
   473 | D:5      | Noticed a necrophage
   520 | D:5      | Noticed a necrophage
   525 | D:5      | Reached XP level 5. HP: 20/47 MP: 7/7
   535 | D:5      | HP: 2/47 [poisoned by an adder]
   535 | D:5      | Slain by an adder

Illustrated notes

Levels and vault maps discovered:
D:5:      layout_loops_ring, grunt_ministairs_2, kennysheep_cross_bottleneck

Skill      XL: |  1  2  3 |
---------------+----------+-----
Stealth        | |  9.6
Short Blades   | 1 |  1.4
Long Blades    | 1 |  1.4
Maces & Flails | 1 |  1.4
Polearms       | 1 |  1.4
Staves         | 1 |  1.4
Ranged Weapons | 1 |  1.4
Throwing       | 1 |  1.4
Armour         | 1 |  1.4
Shields        | 1 |  1.4
Unarmed Combat | 1 |  1.4
Spellcasting   | 1 |  1.4
Conjurations   | 1 |  1.1
Hexes          | 1 |  1.1
Summonings     | 1 |  1.1
Necromancy     | 1 |  1.1
Translocations | 1 |  1.1
Transmutations | 1 |  1.1
Fire Magic     | 1 |  1.1
Ice Magic      | 1 |  1.1
Air Magic      | 1 |  1.1
Earth Magic    | 1 |  1.1
Poison Magic   | 1 |  1.1
Invocations    | 1 |  1.5
Evocations     | 1 |  1.4
Fighting       | |  6.6
Axes           | |  4.7
Dodging        | |  4.7

Action                     |  1- 3 |  4- 6 || total
---------------------------+-------+-------++-------
  Melee: Hand axe          |    22 |    16 ||    38
         Bite              |     2 |     4 ||     6
         Flail             |       |    14 ||    14
    Use: Potion            |       |     1 ||     1
 Armour: Leather armour    |     4 |     6 ||    10
  Dodge: Dodged            |     9 |    23 ||    32

Table legend: (Time is in decaauts)
 A = Elapsed time spent in this place.
 B = Non-inter-level travel time spent in this place.
 C = Inter-level travel time spent in this place.
 D = Time resting spent in this place.
 E = Time spent auto-exploring this place.
 F = Levels seen in this place.
 G = Mean time per level.
                   A        B        C        D        E       F      G
               +--------+--------+--------+--------+--------+-----+--------+
         Total |    542 |    542 |      0 |    136 |    262 |   1 |  542.0 |
       Dungeon |    542 |    542 |      0 |    136 |    262 |   1 |  542.0 |
               +--------+--------+--------+--------+--------+-----+--------+

Top non-repeatable levels by time:
     D:5: 542 daAuts
